 Dungeon Crawl Stone Soup version 0.25.0-26-g0c896c7088 (webtiles) character file.

Game seed: 13540885643468613688

10748 xccam the Martial Artist (level 11, -1/77 HPs)
             Began as an Octopode Monk on July 1, 2020.
             Slain by a merfolk
             ... wielding a +0 spear
              (16 damage)
             ... on level 11 of the Dungeon.
             The game lasted 00:21:58 (14587 turns).

xccam the Martial Artist (Octopode Monk)           Turns: 14587, Time: 00:21:59

Health: -1/77      AC:  5    Str: 12    XL:     11   Next: 67%
Magic:  11/11      EV: 37    Int: 18    God:
Gold:   479        SH:  6    Dex: 23    Spells: 10/10 levels left

rFire    . . .     SeeInvis .     - Unarmed
rCold    . . .     Gourm    .   f - +0 buckler
rNeg     . . .     Faith    .   (helmet restricted)
rPois    .         Spirit   .   C - amulet of the acrobat
rElec    .         Reflect  .   q - +6 ring of intelligence
rCorr    .         Harm     .   B - ring of protection from magic
MR       +....                  F - +6 ring of dexterity
Stlth    ++++++....             H - +4 ring of protection
HPRegen  0.22/turn              (no ring)
MPRegen  0.12/turn              (no ring)
                                (no ring)
                                (no ring)

@: acrobat
A: almost no armour, stealthy swim, amphibious, 8 rings, constrict 8, camouflage
1, gelatinous body 1
a: no special abilities


You were on level 11 of the Dungeon.
You were very hungry.

You visited 2 branches of the dungeon, and saw 12 of its levels.

You collected 479 gold pieces.

Inventory:

Hand Weapons
 A - a +0 fustibalus
Missiles
 K - 208 stones (quivered)
Armour
 f - a +0 buckler (worn)
Jewellery
 q - a +6 ring of intelligence (left tentacle)
 B - a ring of protection from magic (right tentacle)
 C - an amulet of the acrobat (around mantle)
 D - an uncursed ring of ice
 F - a +6 ring of dexterity (on tentacle)
 H - a +4 ring of protection (on tentacle)
Wands
 E - a wand of polymorph (10)
 G - a wand of iceblast (8)
 J - a wand of flame (6)
Scrolls
 c - a scroll of fear
 e - 3 scrolls of blinking {unknown}
 m - 2 scrolls of teleportation
 n - 4 scrolls of remove curse
 o - a scroll of silence {unknown}
 r - 2 scrolls of enchant weapon {unknown}
 s - 4 scrolls of immolation
 t - 2 scrolls of random uselessness {unknown}
 v - a scroll of holy word {unknown}
 w - 3 scrolls of noise {unknown}
 y - 5 scrolls of amnesia {unknown}
 L - a scroll of identify
Potions
 d - a potion of magic
 g - a potion of cancellation
 h - 4 potions of stabbing
 i - 5 potions of curing
 j - a potion of ambrosia
 k - a potion of haste
 l - 2 potions of might
 p - a potion of flight {unknown}
 u - 2 potions of brilliance
 x - 2 potions of mutation
 z - a potion of lignification {unknown}
Comestibles
 a - 21 rations


   Skills:
 - Level 8.0 Fighting
 - Level 10.0 Dodging
 + Level 10.3 Stealth
 - Level 5.0 Shields
 - Level 11.0 Unarmed Combat


You had 10 spell levels left.
You didn't know any spells.
Your spell library contained the following spells:

 Spells                   Type           Power        Failure   Level  Hunger
 Corona                   Hex            #......      22%         1    ##.....
 Magic Dart               Conj           #...         22%         1    ##.....
 Blink                    Tloc           N/A          32%         2    ###....
 Call Imp                 Summ           #.......     32%         2    ###....
 Ensorcelled Hibernation  Hex/Ice        #.....       32%         2    ###....
 Searing Ray              Conj           #.....       32%         2    ###....
 Slow                     Hex            #.......     32%         2    ###....
 Confusing Touch          Hex            #.......     54%         3    ####...
 Conjure Flame            Conj/Fire      #.......     54%         3    ####...
 Dazzling Flash           Conj/Hex       #.....       54%         3    ####...
 Gell's Gravitas          Tloc           #.........   54%         3    ####...
 Inner Flame              Hex/Fire       #.......     54%         3    ####...
 Mephitic Cloud           Conj/Pois/Air  #.......     54%         3    ####...
 Portal Projectile        Hex/Tloc       #.....       54%         3    ####...
 Tukima's Dance           Hex            #.......     54%         3    ####...
 Cause Fear               Hex            #.........   91%         4    #####..
 Fulminant Prism          Conj/Hex       #.........   91%         4    #####..
 Iskenderun's Mystic Bla  Conj/Tloc      #.......     91%         4    #####..
 Leda's Liquefaction      Hex/Erth       #.........   91%         4    #####..
 Petrify                  Tmut/Erth      #.......     91%         4    #####..
 Metabolic Englaciation   Hex/Ice        #.........   99%         5    ######.
 Yara's Violent Unravell  Hex/Tmut       #.........   99%         5    ######.


Dungeon Overview and Level Annotations

Branches:
Dungeon (11/15)            Temple (1/1) D:7            Lair (0/6) D:11
    Orc (0/2) D:11

Altars:
Ashenzari
Cheibriados
Dithmenos
Elyvilon
Fedhas
Gozag
Hepliaklqana
Kikubaaqudgha
Makhleb
Nemelex Xobeh
Okawaru
Qazlal
Ru
Sif Muna
Trog
Uskayaw
Vehumet
Wu Jian
Xom
Yredelemnul
Zin
The Shining One

Shops:
D:8 [

Annotations:
D:11 Snorg


Innate Abilities, Weirdness & Mutations

You cannot wear most types of armour.
You are very stealthy in the water. (Stealth+)
You are amphibious.
You can wear up to eight rings at the same time.
You can use your tentacles to constrict eight enemies at once.
Your skin changes colour to match your surroundings (Stealth+).
Your rubbery body absorbs attacks. (AC +1, EV +1)


Message History

An orc comes into view.
Found an electric eel corpse and 2 rations.
There is an open door here.
You close the door.
Something unseen opens the door.
You see here an electric eel corpse.
You butcher the electric eel corpse.
You hear a splash.
Things that are here:
a chunk of flesh; an electric eel skeleton Eat a chunk of flesh? (ye/n/q)
You eat the chunk of flesh.
This raw flesh tastes terrible.
You are feeling very hungry.
The orc completely misses you.
The merfolk shouts!
There is an open door here.
The merfolk misses you. The orc completely misses you.
The orc completely misses you.
The merfolk hits you from afar with a +0 spear!
You die...

;
#..........#....#....
≈ #..........# #....
≈
≈.#######..........#
#.... .
..Y.....?..........#
#...[ .
......=............#
#.... .
...................#
#.... .
...................##
#.... .
.....................
#....
..T.........@........
#....
.....................
#....
....######.m.........
#....
#%.#÷#.o.........
#####
#....'...........
#....
#≈≈≈≈#.........#.
#....
################
#.... #.... #....


You could see a merfolk and an orc.

Vanquished Creatures
  Nergalle (D:11)
  An ugly thing (D:11)
  A gargoyle (D:10)
  Joseph (D:8)
  Psyche (D:11)
  A troll (D:8)
  3 hippogriffs
  A water elemental (D:11)
  6 yaks (D:10)
  A wraith (D:11)
  Duvessa (D:7)
  4 porcupines (D:8)
  An ice beast (D:4)
  5 orc warriors
  4 sky beasts
  2 phantoms
  A black bear (D:11)
  4 necrophages
  7 ogres
  2 wolves (D:11)
  5 centaurs
  A big kobold (D:9)
  9 bullfrogs
  A wyvern zombie (D:9)
  Dowan (D:7)
  3 scorpions
  2 vampire bats (D:2)
  4 wights (D:7)
  3 howler monkeys (D:9)
  A bullfrog zombie (D:3)
  3 centaur zombies
  6 crimson imps
  9 hounds
  7 orc priests
  5 bullfrog skeletons
  2 jellies
  Crazy Yiuf (D:7)
  11 orc wizards
  An iguana (D:10)
  3 worker ants
  A hound zombie (D:7)
  A hound skeleton (D:4)
  12 gnolls
  9 adders
  5 shadow imps
  An ooze (D:1)
  2 adder skeletons
  An adder zombie (D:6)
  2 worms
  2 dart slugs (D:1)
  6 leopard geckos
  74 orcs
  A ball python (D:2)
  2 bat skeletons (D:2)
  2 bat zombies (D:2)
  4 giant cockroaches
  7 goblins
  6 hobgoblins
  10 jackals
  5 quokkas
  3 bats
  2 frilled lizards
  8 kobolds
  5 rats
297 creatures vanquished.

Vanquished Creatures (others)
  3 plants (D:8)
3 creatures vanquished.

Grand Total: 300 creatures vanquished

Notes
Turn   | Place    | Note
-------+----------+-------------------------------------------
     0 | D:1      | xccam the Octopode Monk began the quest for the Orb.
     0 | D:1      | Reached XP level 1. HP: 16/16 MP: 1/1
   333 | D:1      | Reached XP level 2. HP: 15/21 MP: 2/2
   761 | D:1      | Reached skill level 4 in Unarmed Combat
   907 | D:1      | Reached XP level 3. HP: 26/26 MP: 3/3
  1110 | D:2      | Found a bloodstained altar of Trog.
  1707 | D:2      | Found an ancient bone altar of Kikubaaqudgha.
  1715 | D:2      | Reached skill level 5 in Unarmed Combat
  1715 | D:2      | Reached XP level 4. HP: 30/31 MP: 4/4
  1724 | D:2      | Reached XP level 5. HP: 21/36 MP: 5/5
  2147 | D:3      | Found a white marble altar of Elyvilon.
  2147 | D:3      | Found a snail-covered altar of Cheibriados.
  2368 | D:3      | Reached skill level 6 in Unarmed Combat
  2542 | D:3      | Reached skill level 1 in Shields
  2646 | D:3      | Found a sacrificial altar of Ru.
  2648 | D:3      | Found a stormy altar of Qazlal.
  2721 | D:4      | Reached XP level 6. HP: 41/42 MP: 6/6
  2848 | D:4      | Found a glowing golden altar of the Shining One.
  3293 | D:4      | Reached XP level 7. HP: 39/46 MP: 7/7
  3450 | D:4      | Reached skill level 5 in Shields
  3777 | D:4      | Reached skill level 5 in Stealth
  4165 | D:5      | Entered Level 5 of the Dungeon
  4632 | D:5      | Reached XP level 8. HP: 21/51 MP: 8/8
  6241 | D:6      | Reached skill level 5 in Dodging
  6411 | D:6      | Reached skill level 5 in Fighting
  6991 | D:6      | Reached XP level 9. HP: 23/62 MP: 9/9
  7960 | D:7      | Reached skill level 7 in Unarmed Combat
  8323 | D:7      | Found a staircase to the Ecumenical Temple.
  8368 | Temple   | Entered the Ecumenical Temple
  8506 | D:7      | Found a runed translucent door.
  8507 | D:7      | Noticed Crazy Yiuf
  8567 | D:7      | Noticed Duvessa
  8567 | D:7      | Noticed Dowan
  8589 | D:7      | Killed Duvessa
  8607 | D:7      | Killed Dowan
  8607 | D:7      | Reached skill level 8 in Unarmed Combat
  8824 | D:7      | Killed Crazy Yiuf
  8875 | D:8      | Found Summ's Antique Armour Emporium.
  9315 | D:8      | Reached skill level 9 in Unarmed Combat
  9341 | D:8      | Reached XP level 10. HP: 39/68 MP: 10/10
  9504 | D:8      | Noticed Joseph
  9526 | D:8      | Killed Joseph
  9526 | D:8      | Reached skill level 10 in Unarmed Combat
 10679 | D:9      | Reached skill level 11 in Unarmed Combat
 11794 | D:10     | Entered Level 10 of the Dungeon
 11818 | D:10     | Noticed a gargoyle
 11839 | D:10     | Killed a gargoyle
 11839 | D:10     | Reached XP level 11. HP: 28/75 MP: 11/11
 12622 | D:11     | Found a staircase to the Lair.
 12643 | D:11     | Noticed a two-headed ogre
 12692 | D:11     | Noticed a cyclops
 12756 | D:11     | Noticed Psyche
 12771 | D:11     | Killed Psyche
 12773 | D:11     | Reached skill level 10 in Stealth
 12889 | D:11     | Noticed Nergalle
 12915 | D:11     | Killed Nergalle
 13002 | D:11     | Noticed a six-headed hydra
 13344 | D:11     | Found a staircase to the Orcish Mines.
 13449 | D:11     | Noticed a cyan ugly thing
 13468 | D:11     | Killed a cyan ugly thing
 14308 | D:11     | Reached skill level 10 in Dodging
 14471 | D:11     | Noticed a white ugly thing
 14567 | D:11     | Noticed Snorg
 14587 | D:11     | Slain by a merfolk

Illustrated notes

Levels and vault maps discovered:
D:1:      lightli_arrival_farm, layout_loops_ring, minmay_misc_feat_rugged,
          hangedman_feature_mirror
D:2:      layout_basic, kennysheep_vampire_church, lemuel_crystal_altar
D:3:      layout_loops_ring, nicolae_overflow_hidden_temple
D:4:      layout_gridville, first_ration, nicolae_tso_carved_into_rock
D:5:      layout_loops_corners
D:6:      layout_cave_pods, kennysheep_generic_room_16
D:7:      layout_basic, minmay_temple_entry_drinking_statues,
          hangedman_decor_clover_reticule, uniq_duvessa, uniq_crazy_yiuf_cottage
D:8:      wad_woods_tower, layout_basic, serial_shops, shop, enter_bailey_7,
          uniq_joseph
D:9:      layout_gridville, special_room [special_room_orc]
D:10:     layout_rooms
D:11:     layout_grid_maze, erik_lair_island, hiddenorc2_lemuel,
          hangedman_fish_farm, uniq_snorg, uniq_nergalle, uniq_psyche
Temple:   compressed_dpeg_circular_temple

Skill      XL: |  1  2  3  4  5  6  7  8  9 10 11 |
---------------+----------------------------------+-----
Unarmed Combat | 4 5 6 9 11 | 11.0
Shields        | 2 4 5 |  5.0
Stealth        | 7 8 10 | 10.3
Fighting       | 5 6 7 8 |  8.0
Dodging        | 5 7 8 10 | 10.0

Action                   |  1- 3 |  4- 6 |  7- 9 | 10-12 || total
-------------------------+-------+-------+-------+-------++-------
Melee: Unarmed           |    53 |    92 |   344 |   396 ||   885
       Constrict         |    17 |    21 |    58 |    79 ||   175
       Tentacles         |    14 |    21 |   100 |   119 ||   254
       Punch             |       |     3 |    15 |    43 ||    61
Evoke: Wand              |       |       |     4 |     6 ||    10
  Use: Potion            |       |     1 |     2 |     5 ||     8
       Scroll            |       |     5 |     1 |    14 ||    20
 Stab: Sleeping          |    10 |     7 |    15 |     8 ||    40
       Distracted        |       |     1 |     3 |     7 ||    11
  Eat: Chunk             |     2 |     5 |    19 |    16 ||    42
Armor: Skin              |     1 |     6 |    11 |    26 ||    44
Dodge: Dodged            |    29 |    51 |   181 |   311 ||   572
Block: Buckler           |       |     7 |    78 |   104 ||   189
